 Dungeon Crawl Stone Soup version 0.31-a0-237-g2d982f9f85 (webtiles) character file.

Game seed: 13351696127965848225

3042 qw the Skirmisher (level 9, 0/57 HPs)
             Began as a Gargoyle Hexslinger on July 11, 2023.
             Was an Initiate of Okawaru.
             Slain by a wight
             ... wielding a +4 morningstar of freezing
              (2 damage)
             ... on level 8 of the Dungeon.
             The game lasted 00:02:41 (6453 turns).

qw the Skirmisher (Gargoyle Hexslinger)             Turns: 6453, Time: 00:02:41

Health: 0/57       AC: 17    Str: 12    XL:     9   Next: 86%
Magic:  10/10      EV: 16    Int: 14    God:    Okawaru [......]
Gold:   289        SH:  0    Dex: 16    Spells: 9/10 levels left

rFire   . . .        Y - +0 orcbow
rCold   . . .        (shield currently unavailable)
rNeg    + . .        e - +0 ring mail
rPois   inf          g - +0 helmet
rElec   +            (no cloak)
rCorr   .            (no gloves)
SInv    .            (no boots)
Will    .....        (no amulet)
Stlth   +            d - +4 ring of protection
HPRegen 0.29/turn    f - +5 ring of evasion
MPRegen 0.12/turn

%: no passive effects
@: about to teleport
A: sickness immunity, AC +6, negative energy resistance 1, electricity
resistance, torment resistance 1, petrification resistance
a: Renounce Religion


You were on level 8 of the Dungeon.
You worshipped Okawaru.
Okawaru was noncommittal.
You visited 2 branches of the dungeon, and saw 9 of its levels.

You collected 289 gold pieces.


Innate Abilities, Weirdness & Mutations

You are immune to sickness and miasma.
Your stone body is resilient. (AC +6)
You are immune to poison.
You resist negative energy. (rN+)
You are resistant to electric shocks. (rElec)
You are resistant to unholy torment.
You are immune to petrification.


   Skills:
 - Level 7.2 Fighting
 - Level 11.0 Ranged Weapons
 - Level 3.2 Armour
 + Level 2.8 Dodging
 - Level 1.0 Spellcasting
 - Level 2.6 Hexes


You had 9 spell levels left.
You knew the following spells:

 Your Spells              Type           Power      Damage    Failure   Level
a - Slow                  Hex            32%        N/A       19%         1

Your spell library contained the following spells:

 Spells                   Type           Power      Damage    Failure   Level
 Inner Flame              Hex/Fire       4%         N/A       67%         3
 Portal Projectile        Hex/Tloc       8%         N/A       67%         3
 Cause Fear               Hex            4%         N/A       88%         4

Inventory:

Hand Weapons
 Y - a +0 orcbow (weapon)
Armour
 e - a +0 ring mail (worn)
 g - a +0 helmet (worn)
Jewellery
 d - a +4 ring of protection (left hand)
 f - a +5 ring of evasion (right hand)
Scrolls
 b - a scroll of identify
 h - a scroll of teleportation
Potions
 a - a potion of enlightenment
 c - 2 potions of might
 i - a potion of mutation
 j - a potion of cancellation
 k - a potion of curing
 m - a potion of magic {unknown}
 n - 2 potions of haste
 o - a potion of degeneration {unknown}

Dungeon Overview and Level Annotations

Branches:
Dungeon (8/15)             Temple (1/1) D:6
   Lair: D:8-11

Altars:
Ashenzari
Cheibriados
Dithmenos
Elyvilon
Fedhas
Gozag
Hepliaklqana
Kikubaaqudgha
Nemelex Xobeh
Okawaru
Sif Muna
Trog
Uskayaw
Vehumet
Wu Jian
Xom
Yredelemnul
Zin
The Shining One

Annotations:
D:3 1 runed translucent door, Crazy Yiuf


Message History

The wight freezes you. The wight barely misses you.
You shoot an arrow. The arrow hits the wight.
The wight is almost destroyed.
The wight hits you but does no damage. The wight misses you. x2
You shoot an arrow. The arrow completely misses the wight.
The wight misses you. The wight closely misses you. The wight misses you.
You shoot an arrow. The arrow hits the wight.
You destroy the wight!
Okawaru accepts your kill. The wight barely misses you.
You shoot an arrow. The arrow closely misses the wight.
The wight hits you with a +4 morningstar of freezing!
The wight freezes you. The wight hits you but does no damage.
The wight hits you with a +4 great sword.
You shoot an arrow. The arrow barely misses the wight.
The wight completely misses you. The wight hits you but does no damage.
The wight hits you with a +4 great sword.
You shoot an arrow. The arrow hits the wight.
The wight is moderately damaged.
The wight closely misses you. The wight hits you but does no damage.
The wight hits you with a +4 great sword.
The wight misses you. The wight barely misses you.
The wight closely misses you.
You shoot an arrow. The arrow hits the wight.
The wight is heavily damaged.
The wight closely misses you. x3
You shoot an arrow. The arrow barely misses the wight.
The wight closely misses you. The wight barely misses you.
The wight hits you with a +4 great sword.
You shoot an arrow. The arrow hits the wight!
You destroy the wight!
Okawaru accepts your kill. The wight misses you.
The wight hits you with a +3 dagger.
You shoot an arrow. The arrow barely misses the wight.
The wight closely misses you. The wight hits you with a +3 dagger.
6453 ||| READING 2 scrolls of teleportation.
As you read the scroll of teleportation, it crumbles to dust.
You feel strangely unstable.
The wight hits you with a +4 morningstar of freezing!
The wight freezes you.
You die...

#.# #<# ####.#
##....# ### #
#...### ..##.
#.###.# .... ..
#.# ..#
###.###.###)######
#.)....@z......
###..###z..#.##
#..# .?...# #..#
...!.# #..# .....#
#..# ...#.# #..#
.>##... #... ...
..


You could see 2 wights.

Vanquished Creatures
  Prince Ribbit (D:7)
  Sigmund (D:3)
  Eustachio (D:4)
  Menkaure (D:4)
  A steam dragon (D:7)
  Duvessa (D:5)
  2 water moccasins
  An orc warrior (D:5)
  2 sky beasts
  An ice beast (D:6)
  An ogre (D:6)
  A centaur (D:6)
  Blork the orc (D:5)
  3 scorpions
  3 bullfrogs
  2 wights (D:8)
  Dowan (D:5)
  3 howler monkeys (D:7)
  A jelly (D:3)
  A hound (D:6)
  A gnoll bouda (D:7)
  2 orc priests
  Jessica (D:2)
  Ijyb (D:3)
  Terence (D:3)
  5 iguanas
  2 sleepcaps
  Natasha (thrice) (D:3)
  2 orc wizards (D:7)
  Robin (D:2)
  4 gnolls (D:7)
  5 adders
  A white imp (D:6)
  3 worms
  A dart slug (D:2)
  24 orcs
  3 ball pythons
  4 bats
  9 endoplasms
  4 giant cockroaches
  12 goblins
  10 hobgoblins
  7 quokkas
  2 frilled lizards
  8 kobolds
  5 rats
150 creatures vanquished.

Notes
Turn   | Place    | Note
-------+----------+-------------------------------------------
     0 | D:1      | qw the Gargoyle Hexslinger began the quest for the Orb.
     0 | D:1      | Reached XP level 1. HP: 12/12 MP: 2/2
     0 | D:1      | 0 ||| qw: Version: 0.3-a-52-g30416fa
     0 | D:1      | 0 ||| qw: Game counter: 5760
     0 | D:1      | 0 ||| qw: Melee chars always use a shield: true
     0 | D:1      | 0 ||| qw: God list: Okawaru
     0 | D:1      | 0 ||| qw: Allow faded altars: false
     0 | D:1      | 0 ||| qw: Do Orc after clearing Dungeon:15 true
     0 | D:1      | 0 ||| qw: Do second Lair branch before Depths: true
     0 | D:1      | 0 ||| qw: Lair rune preference: random
     0 | D:1      | 0 ||| qw: Goals: Normal
     0 | D:1      | 0 ||| PLANNING D:1-11
   118 | D:1      | Reached XP level 2. HP: 16/16 MP: 3/3
   284 | D:1      | Reached skill level 3 in Ranged Weapons
   553 | D:1      | Reached XP level 3. HP: 21/21 MP: 4/4
   821 | D:1      | 821 ||| UPGRADING to +0 helmet.
   826 | D:1      | 826 ||| UPGRADING to +0 leather armour.
   836 | D:1      | 836 ||| DROPPING +0 robe.
   837 | D:1      | 837 ||| DROPPING amulet of magic regeneration.
   838 | D:1      | 838 ||| UPGRADING to +4 ring of protection.
   839 | D:1      | 839 ||| READING scroll labelled DUNARAGIMI.
   840 | D:1      | 840 ||| READING scroll labelled QETEH MORGHOIM.
   841 | D:1      | 841 ||| READING scroll labelled ROYSTR WYUTOAKK.
   842 | D:1      | 842 ||| READING scroll labelled IMUCOC JAETUNK.
   843 | D:1      | 843 ||| DROPPING scroll of poison.
   947 | D:2      | Noticed Robin
   962 | D:2      | Killed Robin
   966 | D:2      | Reached XP level 4. HP: 20/26 MP: 5/5
   989 | D:2      | 989 ||| READING scroll of enchant weapon.
   989 | D:2      | 989 ||| ENCHANTING +2 sling of freezing.
  1080 | D:2      | Reached skill level 4 in Ranged Weapons
  1172 | D:2      | Noticed Jessica
  1177 | D:2      | Killed Jessica
  1456 | D:2      | Reached XP level 5. HP: 30/30 MP: 6/6
  1647 | D:2      | 1647 ||| READING scroll labelled PAM KUASOZANK.
  1648 | D:2      | 1648 ||| READING scroll labelled GUGOENK FUOM.
  1652 | D:2      | 1652 ||| READING 2 scrolls of identify.
  1652 | D:2      | 1652 ||| IDENTIFYING fuming clear potion
  1653 | D:2      | 1653 ||| DROPPING potion of lignification.
  1703 | D:3      | Noticed Terence
  1715 | D:3      | HP: 5/30 [Terence/+2 short sword of speed (8)]
  1717 | D:3      | Killed Terence
  1718 | D:3      | Reached skill level 5 in Ranged Weapons
  2066 | D:3      | Found a runed translucent door.
  2066 | D:3      | Noticed Natasha
  2074 | D:3      | Killed Natasha
  2075 | D:3      | Reached skill level 3 in Fighting
  2082 | D:3      | Noticed Crazy Yiuf
  2140 | D:3      | 2140 ||| READING scroll of enchant weapon.
  2140 | D:3      | 2140 ||| ENCHANTING +3 sling of freezing.
  2146 | D:3      | Noticed Sigmund
  2152 | D:3      | Killed Sigmund
  2153 | D:3      | Reached skill level 6 in Ranged Weapons
  2153 | D:3      | Reached XP level 6. HP: 37/37 MP: 7/7
  2368 | D:3      | Found a radiant altar of Vehumet.
  2372 | D:3      | Noticed Natasha
  2374 | D:3      | Killed Natasha
  2375 | D:3      | Reached skill level 1 in Armour
  2452 | D:3      | Noticed Natasha
  2457 | D:3      | Killed Natasha
  2458 | D:3      | Reached XP level 7. HP: 41/41 MP: 8/8
  2594 | D:3      | Paralysed by an orc for 3 turns
  2646 | D:3      | 2646 ||| UPGRADING to +0 ring mail.
  2656 | D:3      | 2656 ||| DROPPING +0 leather armour.
  2657 | D:3      | 2657 ||| UPGRADING to +5 ring of evasion.
  2658 | D:3      | 2658 ||| DROPPING ring of positive energy.
  2659 | D:3      | 2659 ||| READING scroll labelled SOUDWI QAJAYH.
  2660 | D:3      | 2660 ||| READING scroll labelled KOCHATY UCEX.
  2761 | D:3      | 2761 ||| READING 2 scrolls labelled LOKAFUNWIA.
  2762 | D:3      | 2762 ||| DRINKING 2 ruby potions.
  2763 | D:3      | 2763 ||| DROPPING potion of brilliance.
  2764 | D:3      | 2764 ||| DROPPING scroll of amnesia.
  2844 | D:4      | Noticed Menkaure
  2848 | D:4      | Killed Menkaure
  2849 | D:4      | Reached skill level 7 in Ranged Weapons
  2965 | D:4      | Found a shimmering blue altar of Sif Muna.
  3132 | D:4      | Reached skill level 8 in Ranged Weapons
  3135 | D:4      | Noticed Eustachio
  3150 | D:4      | Killed Eustachio
  3151 | D:4      | Reached skill level 3 in Armour
  3151 | D:4      | Reached XP level 8. HP: 44/48 MP: 9/9
  3326 | D:4      | Noticed Ijyb
  3328 | D:4      | 3328 ||| FLEEEEING.
  3329 | D:4      | 3329 ||| FLEEEEING.
  3330 | D:4      | 3330 ||| FLEEEEING.
  3331 | D:4      | 3331 ||| FLEEEEING.
  3339 | D:4      | 3339 ||| STAIRDANCE
  3413 | D:3      | 3413 ||| DROPPING ring of resist corrosion.
  3414 | D:3      | 3414 ||| READING scroll labelled XUYGUY HOFOMEH.
  3415 | D:3      | 3415 ||| READING scroll labelled FOQ COLESOANOR.
  3416 | D:3      | 3416 ||| READING 4 scrolls of identify.
  3416 | D:3      | 3416 ||| IDENTIFYING blue potion
  3417 | D:3      | 3417 ||| READING 3 scrolls of identify.
  3417 | D:3      | 3417 ||| IDENTIFYING dark potion
  3418 | D:3      | 3418 ||| READING 2 scrolls of identify.
  3418 | D:3      | 3418 ||| IDENTIFYING lumpy ruby potion
  3419 | D:3      | 3419 ||| DROPPING potion of berserk rage.
  3480 | D:4      | 3480 ||| STAIRDANCE
  3486 | D:3      | Killed Ijyb
  3718 | D:5      | Entered Level 5 of the Dungeon
  3724 | D:5      | 3724 ||| STAIRDANCE
  3759 | D:5      | 3759 ||| STAIRDANCE
  3802 | D:5      | 3802 ||| STAIRDANCE
  3840 | D:5      | 3840 ||| STAIRDANCE
  3888 | D:5      | 3888 ||| STAIRDANCE
  3907 | D:5      | 3907 ||| STAIRDANCE
  4257 | D:5      | Noticed Dowan
  4258 | D:5      | Noticed Duvessa
  4269 | D:5      | Killed Duvessa
  4281 | D:5      | Killed Dowan
  4282 | D:5      | Reached skill level 9 in Ranged Weapons
  4376 | D:5      | Noticed Blork the orc
  4383 | D:5      | Killed Blork the orc
  4529 | D:5      | Found a broken altar of Ashenzari.
  4578 | D:5      | 4578 ||| DROPPING ring of magical power.
  4579 | D:5      | 4579 ||| READING scroll labelled TEORRU NUHAR.
  4613 | D:5      | 4613 ||| READING 4 scrolls of identify.
  4613 | D:5      | 4613 ||| IDENTIFYING fizzy yellow potion
  4614 | D:5      | 4614 ||| READING 3 scrolls of identify.
  4614 | D:5      | 4614 ||| IDENTIFYING bubbling pink potion
  4615 | D:5      | 4615 ||| READING 2 scrolls of identify.
  4615 | D:5      | 4615 ||| IDENTIFYING murky green potion
  4766 | D:6      | Reached skill level 6 in Fighting
  4766 | D:6      | Reached XP level 9. HP: 55/55 MP: 10/10
  5084 | D:6      | Reached skill level 10 in Ranged Weapons
  5089 | D:6      | Found an ancient bone altar of Kikubaaqudgha.
  5089 | D:6      | Found a blossoming altar of Fedhas.
  5131 | D:6      | 5131 ||| SWAPPING to +0 orcbow.
  5162 | D:6      | 5162 ||| DROPPING +4 sling of freezing.
  5163 | D:6      | Found a staircase to the Ecumenical Temple.
  5164 | D:6      | 5164 ||| PLANNING TEMPLE
  5164 | D:6      | 5164 ||| READING scroll labelled SUW MITENU.
  5165 | D:6      | 5165 ||| DRINKING 2 clear potions.
  5174 | Temple   | Entered the Ecumenical Temple
  5305 | Temple   | 5305 ||| PLANNING D:1-11
  5481 | D:7      | Noticed Prince Ribbit
  5486 | D:7      | 5486 ||| Stepping ~*~*~tactically~*~*~ (outnumbered).
  5508 | D:7      | Killed Prince Ribbit
  5526 | D:7      | HP: 12/57 [bullfrog (4)]
  5527 | D:7      | 5527 ||| READING scroll of teleportation.
  5528 | D:7      | 5528 ||| DRINKING potion of heal wounds.
  5666 | D:7      | Found a shimmering altar of Xom.
  5795 | D:7      | Found a glowing golden altar of the Shining One.
  5796 | D:7      | Found a hazy altar of Hepliaklqana.
  5805 | D:7      | 5805 ||| FLEEEEING.
  5813 | D:7      | Reached skill level 11 in Ranged Weapons
  5814 | D:7      | Found a glowing silver altar of Zin.
  5815 | D:7      | Found a bloodstained altar of Trog.
  5821 | D:7      | Found an iron altar of Okawaru.
  5822 | D:7      | 5822 ||| PLANNING OKAWARU WORSHIP
  5831 | D:7      | Became a worshipper of Warmaster Okawaru
  5832 | D:7      | 5832 ||| PLANNING D:1-11
  6452 | D:8      | HP: 12/57 [wight/+3 dagger (6)]
  6453 | D:8      | 6453 ||| READING 2 scrolls of teleportation.
  6453 | D:8      | HP: 2/57 [wight/+4 morningstar of freezing (11)]
  6453 | D:8      | Slain by a wight

Levels and vault maps discovered:
D:1:      dpeg_arrival_leaves_temple_mockup, layout_loops_ring
D:2:      layout_basic, uniq_robin, uniq_jessica
D:3:      layout_loops_ring, nicolae_vehumet_altar_sigil, serial_forest,
          infiniplex_forest_clump_tiny, infiniplex_forest_end_2,
          infiniplex_forest_lined_room_3, infiniplex_forest_lined_2,
          infiniplex_forest_fountain, infiniplex_forest_straight_3,
          infiniplex_forest_fountain, infiniplex_forest_straight_2,
          uniq_terence, uniq_crazy_yiuf_cottage, uniq_natasha, uniq_sigmund
D:4:      layout_basic, lemuel_round_altar, uniq_ijyb, uniq_eustachio,
          uniq_menkaure
D:5:      layout_gridville, kennysheep_mini, uniq_duvessa, uniq_blork_the_orc
D:6:      layout_basic, grunt_temple_overflow_growth_and_decay,
          minmay_temple_entry_sparse_star
D:7:      layout_basic, tso_metal_star, mainiacjoe_overflow_boulevard,
          nicolae_overflow_macrodata_refinement, uniq_prince_ribbit1
D:8:      layout_loops_ring, david_lair_generic
Temple:   nicolae_temple_godpark

Skill      XL: |  1  2  3  4  5  6  7  8  9 |
---------------+----------------------------+-----
Ranged Weapons | 3 4 6 8 9 11 | 11.0
Fighting       | 2 3 4 6 7 |  7.2
Armour         | 1 3 |  3.2
Dodging        | 2 |  2.8
Spellcasting   | |  1.0
Hexes          | |  2.6

Action                     |  1- 3 |  4- 6 |  7- 9 || total
---------------------------+-------+-------+-------++-------
   Fire: Sling             |    98 |   115 |   234 ||   447
         Orcbow            |       |       |   143 ||   143
    Use: Scroll            |     4 |     5 |    15 ||    24
         Potion            |       |       |     3 ||     3
 Armour: Robe              |    10 |       |       ||    10
         Leather armour    |    14 |    19 |       ||    33
         Ring mail         |       |       |    83 ||    83
  Dodge: Dodged            |    44 |    30 |   159 ||   233

Table legend:
 A = Non-vault XP
 B = Vault XP
 C = Vault XP percentage of total XP
 D = Non-vault monster count
 E = Vault monster count
 F = Vault count percentage of total count
                 A         B        C        D         E       F
            +---------+---------+-------+---------+---------+-------
      Total |    2967 |    1379 |  31.7 |     127 |      23 |  15.3
            +---------+---------+-------+---------+---------+-------
        D:1 |      41 |       0 |   0.0 |      25 |       0 |   0.0
        D:2 |      61 |      74 |  54.8 |      18 |      13 |  41.9
        D:3 |     203 |     330 |  61.9 |      25 |       4 |  13.8
        D:4 |     380 |     385 |  50.3 |      12 |       2 |  14.3
        D:5 |     335 |     299 |  47.2 |      11 |       3 |  21.4
        D:6 |    1002 |       0 |   0.0 |      12 |       0 |   0.0
        D:7 |     796 |     291 |  26.8 |      21 |       1 |   4.5
        D:8 |     149 |       0 |   0.0 |       3 |       0 |   0.0
            +---------+---------+-------+---------+---------+-------
